Map: Kairos Junction LE

Players

Timurleng - Winner!

  • Race: Protoss Protoss
  • League: Diamond
  • Spawn Location: 5:00

VOD

Have the link to the VOD?

Description

Time

  • Played on: May 26, 2019, 3:03 p.m.
  • Length: 5:25
Show
View Real Time Build Order
Export as new Build Order

Timurleng Protoss - Winner!

Build Orders: 1 Gate Expand 

Get SALT Encoding   

  12  0:03  Probe  
  12  0:15  Probe  
  12  0:20  Pylon  
  12  0:27  Probe  
  12  0:36  Probe  
  12  0:40  Gateway  
  12  0:45  Probe  
  12  0:50  Assimilator  
  12  0:55  Probe  
  12  1:07  Probe  
  12  1:19  Probe  
  12  1:30  Nexus  
  12  1:42  Cybernetics Core  
  12  1:47  Assimilator  
  12  1:48  Probe  
  12  2:00  Probe  
  12  2:08  Pylon  
  12  2:13  Probe  
  12  2:19  Warp Gate  
  12  2:25  Adept  
  12  2:28  Probe  
  12  2:35  Robotics Facility  
  12  2:37  Probe  
  12  2:40  Probe  
  12  2:45  Probe  
  12  2:48  Probe  
  12  2:54  Probe  
  12  2:55  Stalker  
  12  3:00  Probe  
  12  3:01  Gateway  
  12  3:08  Probe  
  12  3:12  Warp Prism  
  12  3:13  Probe  
  12  3:25  Twilight Council  
  12  3:41  Charge  
  12  3:48  Immortal  
  12  3:52  Pylon  
  12  3:56  Pylon  
  12  4:07  Gateway  
  12  4:09  Gateway  
  12  4:11  Gateway  
  12  4:14  Gateway  
  12  4:17  Immortal  
  12  4:28  Zealot x2  
  12  4:38  Gateway  
  12  4:41  Gateway  
  12  4:52  Zealot x2  
  12  5:03  Zealot x2  
  12  5:11  Zealot x2  
  12  5:16  Pylon  
  12  5:18  Pylon  
  12  5:20  Pylon  
Tags
 
Add a new tag
Caveats
  • Supply blocks, unpowered buildings, or Contaminate may cause inaccurate times.
  • Supply counts are checked every 10 seconds.